 Dungeon Crawl Stone Soup version 0.26-a0-466-g989023bd0d (webtiles) character file.

Game seed: 13266006956388406858

13496 DeltaSign the Cleaver (level 11, 0/101 HPs)
             Began as a Minotaur Berserker on July 29, 2020.
             Was a High Priest of Trog.
             Slain by a skeletal warrior
             ... wielding a +0 trident
              (19 damage)
             ... on level 11 of the Dungeon.
             The game lasted 00:19:05 (9441 turns).

DeltaSign the Cleaver (Minotaur Berserker)          Turns: 9441, Time: 00:19:05

Health: 0/101      AC: 11    Str: 25    XL:     11   Next: 76%
Magic:  10/10      EV: 10    Int: 10    God:    Trog [*****.]
Gold:   936        SH: 13    Dex: 14    Spells: 10/10 levels left

rFire    . . .     SeeInvis +   A - +4 war axe (freeze)
rCold    . . .     Faith    .   l - +1 kite shield of Inviolability {rPois Regen+ Str-2 SInv}
rNeg     . . .     Spirit   .   k - +0 chain mail
rPois    +         Reflect  .   (helmet restricted)
rElec    .         Harm     .   (no cloak)
rCorr    .                      (no gloves)
MR       .....                  (no boots)
Stlth    ..........             (no amulet)
HPRegen  0.66/turn              m - +6 ring of strength
MPRegen  0.12/turn              B - +6 ring of intelligence

@: about to teleport, berserk cooldown, slowed, very slow
A: retaliatory headbutt, horns 2
a: Berserk, Trog's Hand, Brothers in Arms, Renounce Religion


You were on level 11 of the Dungeon.
You worshipped Trog.
Trog was extremely pleased with you.
You visited 1 branch of the dungeon, and saw 11 of its levels.

You collected 936 gold pieces.

Inventory:

Hand Weapons
 A - a +4 war axe of freezing (weapon)
Armour
 k - a +0 chain mail (worn)
 l - the +1 kite shield of Inviolability (worn) {rPois Regen+ Str-2 SInv}
   (You found it on level 6 of the Dungeon)

   It affects your strength (-2).
   It protects you from poison.
   It lets you see invisible.
   It increases your rate of regeneration.
Jewellery
 m - a +6 ring of strength (left hand)
 B - a +6 ring of intelligence (right hand)
Wands
 e - a wand of flame (50)
 g - a wand of acid (9)
 v - a wand of random effects (44)
 w - a wand of digging (6)
Scrolls
 a - a scroll of random uselessness {unknown}
 c - 5 scrolls of enchant weapon
 d - 8 scrolls of teleportation
 i - 7 scrolls of remove curse
 j - 2 scrolls of fog
 n - 2 scrolls of identify
 o - 2 scrolls of fear
 s - 2 scrolls of magic mapping
 t - 2 scrolls of blinking {unknown}
 u - a scroll of enchant armour {unknown}
 x - a scroll of torment {unknown}
 y - a scroll of immolation {unknown}
Potions
 b - 3 potions of curing
 f - a potion of lignification {unknown}
 h - a potion of mutation {unknown}
 p - 2 potions of stabbing {unknown}
 q - 2 potions of magic {unknown}
 r - 2 potions of flight {unknown}
 z - a potion of heal wounds {unknown}


   Skills:
 + Level 10.8 Fighting
 * Level 14.2 Axes
 + Level 10.5 Armour
 - Level 5.9 Dodging
 + Level 8.2 Shields


You had 10 spell levels left.
You didn't know any spells.
Your spell library was empty.

Dungeon Overview and Level Annotations

Branches:
Dungeon (11/15)            Temple (0/1) D:4            Lair (0/6) D:8
    Orc: D:9-12

Altars:
Dithmenos
Hepliaklqana
Nemelex Xobeh
Okawaru
Sif Muna
Wu Jian
Yredelemnul
The Shining One

Shops:
D:8 :   D:9 *   D:11 :

Annotations:
D:11 1 runed translucent door


Innate Abilities, Weirdness & Mutations

You reflexively headbutt those who attack you in melee.
You have a pair of horns on your head.


Message History

You feel strangely unstable.
The skeletal warrior hits you from afar with a +0 trident.
The vampire misses you. You furiously retaliate!
You headbutt the vampire, but do no damage.
The vampire bites you.
The vampire draws strength from your injuries!
The skeletal warrior hits you with a +0 hand axe of flaming!
The skeletal warrior burns you.
The skeletal warrior hits you from afar with a +0 trident!
* * * LOW HITPOINT WARNING * * *
You closely miss the skeletal warrior.
Your headbutt misses the skeletal warrior.
The skeletal warrior is lightly damaged.
You hit the vampire but do no damage. You block the vampire's attack. x2
The skeletal warrior hits you with a +0 hand axe of flaming!
* * * LOW HITPOINT WARNING * * *
The skeletal warrior burns you.
* * * LOW HITPOINT WARNING * * *
The skeletal warrior hits you from afar with a +0 trident!!
You die...

#.#........##.####...###.#)...
####>.......<...............#.###
#....#..#..#.###.#####.##.#######
........#......#.................
...#.##.#....#.#######.##..######
...#.##.##.....# #.###.#
........##...##### #.###.##
........#........#####.#....#
....###.#.##.#.#@V..#....##.##
....# #.#.##.#.#z##.#.##+##..#
....# #.#.##.###Vz#...#DF###.#
###.# #.#.##.##p♣W#.⌠.#♣D###.####
###.# #.#.....#...#...#z..##.....
#...###.#####.##..##.##W♣.###.(..
......#.....#.##♣..###....###....
......#####.#.# #.........#....##
......#####.#.# #8.8.8.8#.###..#


You could see 2 skeletal warriors, a necromancer (invisible), 2 vampires and a
wraith.

Vanquished Creatures
  A lich (D:11)
  Erica (D:8)
  2 two-headed ogres
  The ghost of Baleleer the Tainter, a journeyman GrVM (D:11)
  2 tengu warriors (D:9)
  A manticore (D:11)
  A cyclops (D:11)
  An ugly thing (D:11)
  A troll (D:9)
  Grinder (D:4)
  3 hippogriffs
  Sigmund (D:5)
  A wraith (D:11)
  Eustachio (D:4)
  Duvessa (D:7)
  A water moccasin (D:9)
  4 porcupines (D:8)
  3 orc warriors (D:7)
  3 sky beasts
  3 phantoms
  4 black bears
  4 ogres
  3 ice beasts
  2 centaurs (D:9)
  A crocodile (D:8)
  6 bullfrogs
  2 scorpions (D:7)
  Dowan (D:7)
  A killer bee (D:10)
  12 wights
  2 howler monkeys (D:10)
  A bullfrog zombie (D:6)
  5 hounds
  A quasit (D:10)
  2 jellies
  4 bullfrog skeletons
  A centaur zombie (D:9)
  3 orc priests
  9 orc wizards
  Ijyb (D:3)
  3 iguanas
  7 worker ants
  A hound skeleton (D:4)
  Robin (D:3)
  7 gnolls
  7 adders
  4 ufetubi
  An ooze (D:5)
  An adder skeleton (D:9)
  An adder zombie (D:3)
  2 worms
  5 dart slugs
  3 leopard geckos
  26 orcs
  A ball python (D:8)
  4 bats
  6 giant cockroaches
  16 goblins
  9 hobgoblins
  16 jackals
  5 kobolds
  4 quokkas
  10 frilled lizards
  A leopard gecko skeleton (D:5)
  5 rats
244 creatures vanquished.

Vanquished Creatures (others)
  5 fungi (D:8)
  2 plants (D:8)
7 creatures vanquished.

Grand Total: 251 creatures vanquished

Notes
Turn   | Place    | Note
-------+----------+-------------------------------------------
     0 | D:1      | DeltaSign the Minotaur Berserker began the quest for the
                  | Orb.
     0 | D:1      | Reached XP level 1. HP: 19/19 MP: 0/0
   191 | D:1      | Reached XP level 2. HP: 19/27 MP: 1/1
   192 | D:1      | Reached skill level 4 in Axes
   954 | D:2      | Reached XP level 3. HP: 27/33 MP: 2/2
  1137 | D:2      | Reached ** piety under Trog
  1561 | D:2      | Reached XP level 4. HP: 40/40 MP: 3/3
  1751 | D:2      | Found a shimmering blue altar of Sif Muna.
  1951 | D:3      | Noticed Ijyb
  1959 | D:3      | Killed Ijyb
  1959 | D:3      | Reached skill level 5 in Axes
  2293 | D:3      | Found a sparkling altar of Nemelex Xobeh.
  2467 | D:3      | Found a hazy altar of Hepliaklqana.
  2469 | D:3      | Found an iron altar of Okawaru.
  2481 | D:3      | Found an ornate altar of the Wu Jian Council.
  2654 | D:3      | Noticed Robin
  2660 | D:3      | Reached XP level 5. HP: 47/47 MP: 4/4
  2663 | D:3      | Killed Robin
  2665 | D:3      | Reached *** piety under Trog
  2845 | D:4      | Noticed an ogre
  2851 | D:4      | Killed an ogre
  2851 | D:4      | Reached XP level 6. HP: 55/55 MP: 5/5
  2856 | D:4      | Reached skill level 5 in Fighting
  2856 | D:4      | Reached skill level 6 in Axes
  2932 | D:4      | Noticed Eustachio
  2945 | D:4      | Killed Eustachio
  2946 | D:4      | Noticed Grinder
  2947 | D:4      | Reached XP level 7. HP: 58/61 MP: 6/6
  2955 | D:4      | Paralysed by Grinder for 2 turns
  2960 | D:4      | Killed Grinder
  2960 | D:4      | Reached skill level 7 in Axes
  3076 | D:4      | Reached skill level 5 in Armour
  3085 | D:4      | Found a staircase to the Ecumenical Temple.
  3272 | D:4      | Found a shadowy altar of Dithmenos.
  3324 | D:5      | Entered Level 5 of the Dungeon
  3438 | D:5      | Noticed Sigmund
  3460 | D:5      | Killed Sigmund
  3460 | D:5      | Reached skill level 8 in Axes
  3460 | D:5      | Reached skill level 5 in Dodging
  3460 | D:5      | Reached XP level 8. HP: 60/70 MP: 7/7
  3618 | D:5      | You fall into a shaft and drop 1 floor!
  3634 | D:6      | Reached **** piety under Trog
  3963 | D:5      | Reached skill level 9 in Axes
  4618 | D:6      | Reached skill level 1 in Shields
  4763 | D:6      | Reached XP level 9. HP: 79/79 MP: 8/8
  4900 | D:6      | Got a spiked kite shield
  4911 | D:6      | Identified the +1 kite shield of Inviolability {rPois
                  | Regen+ Str-2 SInv} (You found it on level 6 of the Dungeon)
  5054 | D:7      | Noticed Duvessa
  5054 | D:7      | Noticed Dowan
  5068 | D:7      | Killed Dowan
  5069 | D:7      | Killed Duvessa
  5070 | D:7      | Reached skill level 10 in Axes
  5723 | D:8      | Noticed a two-headed ogre
  5729 | D:8      | Killed a two-headed ogre
  5729 | D:8      | Reached skill level 11 in Axes
  5939 | D:8      | Reached ***** piety under Trog
  5963 | D:8      | Reached XP level 10. HP: 72/90 MP: 9/9
  6205 | D:8      | Found a staircase to the Lair.
  6279 | D:8      | Noticed Erica
  6296 | D:8      | Killed Erica
  6296 | D:8      | Reached skill level 5 in Shields
  6438 | D:8      | Found Hutichuz's Book Shoppe.
  6933 | D:9      | Reached skill level 12 in Axes
  7065 | D:9      | Noticed a two-headed ogre
  7072 | D:9      | Killed a two-headed ogre
  7256 | D:9      | Found Pthritou's Practical Paraphernalia.
  7481 | D:9      | Noticed a tengu warrior
  7482 | D:9      | Noticed a tengu warrior
  7486 | D:9      | Killed a tengu warrior
  7486 | D:9      | Reached XP level 11. HP: 99/99 MP: 10/10
  7489 | D:9      | Killed a tengu warrior
  7489 | D:9      | Reached skill level 13 in Axes
  7738 | D:9      | Found a basalt altar of Yredelemnul.
  7745 | D:9      | Found a glowing golden altar of the Shining One.
  7870 | D:10     | Entered Level 10 of the Dungeon
  7882 | D:10     | Reached skill level 10 in Fighting
  8650 | D:11     | Noticed a lich
  8650 | D:11     | Noticed Baleleer's ghost (journeyman GrVM)
  8651 | D:11     | Noticed a necromancer
  8651 | D:11     | Noticed a skeletal warrior
  8652 | D:11     | Noticed a skeletal warrior
  8653 | D:11     | Noticed an ice dragon
  8653 | D:11     | Noticed a storm dragon
  8765 | D:11     | Noticed a brown ugly thing
  8773 | D:11     | Killed a brown ugly thing
  8818 | D:11     | Found a runed translucent door.
  8972 | D:11     | Reached skill level 10 in Armour
  9160 | D:11     | Found Dycup's Book Emporium.
  9277 | D:11     | Found a runed translucent door.
  9420 | D:11     | Paralysed by a lich for 2 turns
  9424 | D:11     | Killed a lich
  9424 | D:11     | Reached skill level 14 in Axes
  9436 | D:11     | Killed Baleleer's ghost
  9436 | D:11     | Received a gift from Trog
  9441 | D:11     | Slain by a skeletal warrior

Illustrated notes

Levels and vault maps discovered:
D:1:      sevenhm_arrival_forest_fort_large_4, layout_loops_ring,
          minmay_misc_feat_x
D:2:      layout_basic, lemuel_coloured_pillars_altar
D:3:      layout_basic, marbit_many_paths, gammafunk_temple_overflow_forgotten,
          uniq_ijyb, uniq_robin
D:4:      layout_rooms, minmay_temple_entry_sparse_star,
          nicolae_dithmenos_through_a_glass_darkly, uniq_eustachio, uniq_grinder
D:5:      layout_cave_pools, chequers_serial_rivers_small_b,
          serial_bayou_lagoon_b, uniq_sigmund
D:6:      layout_rooms
D:7:      layout_loops_cross, hangedman_decor_growths, serial_park_tiny_1,
          uniq_duvessa
D:8:      layout_layer_cave, due_lair_maze_entry_diamond, serial_shops,
          nicolae_shop_statue_plus, minmay_misc_feat_room, nicolae_wwwww,
          hex_medium, uniq_erica
D:9:      layout_irregular_city, grunt_temple_overflow_holy_war,
          nicolae_alphabet_shops
D:10:     layout_irregular_city, kennysheep_generic_room_15
D:11:     layout_basic, serial_shops, nicolae_shop_statue_plus,
          muffindrake_ghost_dual_entry

Skill      XL: |  1  2  3  4  5  6  7  8  9 10 11 |
---------------+----------------------------------+-----
Axes           | 4 5 6 8 9 11 12 14 | 14.2
Fighting       | 4 5 6 7 8 9 10 | 10.8
Armour         | 3 4 5 6 8 9 10 | 10.5
Dodging        | 3 4 5 |  5.9
Shields        | 1 4 6 8 |  8.2

Action                   |  1- 3 |  4- 6 |  7- 9 | 10-12 || total
-------------------------+-------+-------+-------+-------++-------
Melee: Hand axe          |    83 |    58 |   146 |   104 ||   391
       Headbutt          |    12 |    14 |    62 |    74 ||   162
       Battleaxe         |       |    25 |    95 |       ||   120
       War axe           |       |       |       |   165 ||   165
Invok: Berserk           |       |     3 |     6 |     3 ||    12
  Use: Scroll            |       |     7 |     4 |     3 ||    14
 Stab: Sleeping          |     2 |       |       |       ||     2
Armor: Animal skin       |     9 |       |       |       ||     9
       Leather armour    |     2 |       |       |       ||     2
       Chain mail        |    15 |    58 |   111 |    79 ||   263
Dodge: Dodged            |    47 |    46 |    99 |    72 ||   264
Block: Kite shield       |       |       |    64 |   135 ||   199

Table legend: (Time is in decaauts)
 A = Elapsed time spent in this place.
 B = Non-inter-level travel time spent in this place.
 C = Inter-level travel time spent in this place.
 D = Time resting spent in this place.
 E = Time spent auto-exploring this place.
 F = Levels seen in this place.
 G = Mean time per level.
                   A        B        C        D        E       F      G
               +--------+--------+--------+--------+--------+-----+--------+
         Total |   9545 |   9224 |    321 |   1282 |   6486 |  11 |  867.7 |
       Dungeon |   9545 |   9224 |    321 |   1282 |   6486 |  11 |  867.7 |
               +--------+--------+--------+--------+--------+-----+--------+

Top non-repeatable levels by time:
     D:8: 1187 daAuts
     D:1: 948 daAuts
     D:2: 923 daAuts
     D:3: 907 daAuts
     D:9: 893 daAuts
     D:5: 856 daAuts
     D:7: 799 daAuts
    D:11: 786 daAuts
     D:4: 771 daAuts
    D:10: 763 daAuts
     D:6: 708 daAuts
